TOP OF THE 1ST |
Waba Ducks batting - Pitching for Blueville 83's : LHP Carlos Thomas
|
Pitching: LHP Carlos Thomas
|
|
Batting: LHB Javier Orozco
|
0-0: Fly out, F7 (Flyball, 7LMF)
|
Batting: RHB Don Keating
|
0-0: Ball 1-0: Bunt for hit - play at first, batter safe!
|
Batting: LHB Terry White
|
0-0: Ball 1-0: Grounds out, U3 (Groundball, 3L)
|
Batting: RHB Ed Small
|
0-0: Ball 1-0: Called Strike 1-1: Ground out 5-3 (Groundball, 5L)
|
Top of the 1st over - 0 run(s), 1 hit(s), 0 error(s), 1 left on base; Waba 0 - Blueville 0 |
BOTTOM OF THE 1ST |
Blueville 83's batting - Pitching for Waba Ducks : RHP Will Huggins
|
Pitching: RHP Will Huggins
|
|
Batting: RHB Earl Conrad
|
0-0: Called Strike 0-1: Foul Ball, location: 2F 0-2: Ball 1-2: Ball 2-2: Strikes out looking
|
Batting: RHB Juan Costello
|
0-0: Foul Ball, location: 2F 0-1: Ball 1-1: Foul Ball, location: 2F 1-2: Ball 2-2: Ball 3-2: Base on Balls
|
Batting: RHB Naomichi Aoki
|
0-0: Ball 1-0: Foul Ball, location: 2F 1-1: Swinging Strike 1-2: Ball 2-2: Grounds into double play, 5-4-3 (Groundball, 5L)
|
Bottom of the 1st over - 0 run(s), 0 hit(s), 0 error(s), 0 left on base; Waba 0 - Blueville 0 |
TOP OF THE 2ND |
Waba Ducks batting - Pitching for Blueville 83's : LHP Carlos Thomas
|
Batting: RHB Pedro Molina
|
0-0: Ball 1-0: Ball 2-0: Ball 3-0: Base on Balls
|
Batting: LHB Joaquín González
|
0-0: Called Strike 0-1: Swinging Strike 0-2: Ball 1-2: Strikes out looking
|
Batting: SHB Cisco Álvarez
|
0-0: Ball 1-0: SINGLE (Line Drive, 9S) Pedro Molina to second Runner from 2nd tries for 3rd, SAFE, throw made to third
|
Batting: RHB Tokuhei Kobayashi
|
0-0: Ball Wild Pitch! Pedro Molina scores Cisco Álvarez to second 1-0: Ball 2-0: Ball 3-0: Called Strike 3-1: Fly out, F9 (Flyball, 9M) Throwing error, E9 Cisco Álvarez scores
|
Batting: RHB Ramón Torres
|
0-0: Ground out U3 (Groundball, 3)
|
Top of the 2nd over - 2 run(s), 1 hit(s), 1 error(s), 0 left on base; Waba 2 - Blueville 0 |
BOTTOM OF THE 2ND |
Blueville 83's batting - Pitching for Waba Ducks : RHP Will Huggins
|
Batting: RHB Jorge Rodríguez
|
0-0: Ball 1-0: Ball 2-0: Called Strike 2-1: Ball 3-1: Base on Balls
|
Batting: RHB Bryce Hester
|
0-0: Called Strike 0-1: Ball 1-1: SINGLE (Groundball, 56) Jorge Rodríguez to second
|
Batting: LHB Ricardo Romero
|
0-0: Swinging Strike Reached via error on a dropped throw, E4 Jorge Rodríguez to third Bryce Hester to second
|
Batting: LHB António Glaviz
|
0-0: Grounds out, U3 (Groundball, 3L) Jorge Rodríguez scores Bryce Hester to third
|
Batting: LHB Robbie McLaughlin
|
0-0: Ball 1-0: Ball 2-0: Ball 3-0: Called Strike 3-1: Swinging Strike 3-2: Base on Balls
|
Batting: RHB Juan Jose Guevana
|
0-0: Ball 1-0: Ball 2-0: SINGLE (Line Drive, 6D) Bryce Hester scores Ricardo Romero to third Robbie McLaughlin to second Runner from 3rd tries for Home, SAFE, throw made home Robbie McLaughlin to third Juan Jose Guevana to second
|
Batting: RHB Earl Conrad
|
0-0: DOUBLE (Flyball, 7D) Robbie McLaughlin scores Juan Jose Guevana scores
|
Batting: RHB Juan Costello
|
0-0: Ball 1-0: SINGLE (Line Drive, 56) Earl Conrad to third
|
Batting: RHB Naomichi Aoki
|
0-0: Ball 1-0: Foul Ball, location: 2F 1-1: Fly out, F3 (Popup, 3SF)
|
Batting: RHB Jorge Rodríguez
|
0-0: Ball 1-0: Called Strike 1-1: Foul Ball, location: 2F 1-2: Foul Ball, location: 2F 1-2: Ground out 5-3 (Groundball, 56)
|
Bottom of the 2nd over - 5 run(s), 4 hit(s), 1 error(s), 2 left on base; Waba 2 - Blueville 5 |
TOP OF THE 3RD |
Waba Ducks batting - Pitching for Blueville 83's : LHP Carlos Thomas
|
Batting: LHB Javier Orozco
|
0-0: Called Strike 0-1: Ball 1-1: Ground out 3-1 (Groundball, 34)
|
Batting: RHB Don Keating
|
0-0: Ball 1-0: Ball 2-0: Ball 3-0: Called Strike 3-1: Foul Ball, location: 2F 3-2: SINGLE (Groundball, 5D)
|
Batting: LHB Terry White
|
0-0: Ball 1-0: Reached on error, E6 (Groundball, 6M) Don Keating to second
|
Batting: RHB Ed Small
|
0-0: Ball Don Keating steals 3rd base Terry White to second 1-0: Swinging Strike 1-1: Fly out, F5 (Line Drive, 5) 1-1: Lined into DP, U5 (Line Drive, 5)
|
Top of the 3rd over - 0 run(s), 1 hit(s), 1 error(s), 1 left on base; Waba 2 - Blueville 5 |
BOTTOM OF THE 3RD |
Blueville 83's batting - Pitching for Waba Ducks : RHP Will Huggins
|
Batting: RHB Bryce Hester
|
0-0: Ball 1-0: Ball 2-0: Foul Ball, location: 2F 2-1: Foul Ball, location: 2F 2-2: Foul Ball, location: 2F 2-2: Strikes out swinging
|
Batting: LHB Ricardo Romero
|
0-0: Ball 1-0: Called Strike 1-1: Ground out 5-3 (Groundball, 56)
|
Batting: LHB António Glaviz
|
0-0: Ball 1-0: Ball 2-0: Called Strike 2-1: Fly out, F9 (Flyball, 9M)
|
Bottom of the 3rd over - 0 run(s), 0 hit(s), 0 error(s), 0 left on base; Waba 2 - Blueville 5 |
TOP OF THE 4TH |
Waba Ducks batting - Pitching for Blueville 83's : LHP Carlos Thomas
|
Batting: RHB Pedro Molina
|
0-0: Swinging Strike 0-1: Ball 1-1: Called Strike 1-2: Ball 2-2: Strikes out swinging
|
Batting: LHB Joaquín González
|
0-0: Called Strike 0-1: Ball 1-1: Swinging Strike 1-2: Ball 2-2: SINGLE (Line Drive, 56D)
|
Batting: SHB Cisco Álvarez
|
0-0: Called Strike 0-1: Ball 1-1: Fly out, F9 (Flyball, 9S)
|
Batting: RHB Tokuhei Kobayashi
|
0-0: Ball 1-0: Ball 2-0: SINGLE (Line Drive, 7LS) Joaquín González to second
|
Batting: RHB Ramón Torres
|
0-0: Ball 1-0: Swinging Strike 1-1: Called Strike 1-2: Fielders Choice at 2nd, U4 (Groundball, 4M)
|
Top of the 4th over - 0 run(s), 2 hit(s), 0 error(s), 2 left on base; Waba 2 - Blueville 5 |
BOTTOM OF THE 4TH |
Blueville 83's batting - Pitching for Waba Ducks : RHP Will Huggins
|
Batting: LHB Robbie McLaughlin
|
0-0: Ball 1-0: Ball 2-0: Ball 3-0: Called Strike 3-1: Base on Balls
|
Batting: RHB Juan Jose Guevana
|
0-0: Swinging Strike 0-1: Foul Ball, location: 2F 0-2: Strikes out looking
|
Batting: RHB Earl Conrad
|
0-0: Swinging Strike 0-1: Ball 1-1: SINGLE (Line Drive, 78S) Robbie McLaughlin to second
|
Batting: RHB Juan Costello
|
0-0: Called Strike 0-1: Called Strike 0-2: Foul Ball, location: 2F 0-2: Hit by Pitch Robbie McLaughlin to third Earl Conrad to second
|
Batting: RHB Naomichi Aoki
|
0-0: Ball 1-0: Ball 2-0: GRAND SLAM HOME RUN (Flyball, 7D), Distance : 377 ft
|
Pitching: LHP Dale Spencer
|
|
Batting: RHB Jorge Rodríguez
|
0-0: Swinging Strike 0-1: Called Strike 0-2: Ball 1-2: Ground out 6-3 (Groundball, 6)
|
Batting: RHB Bryce Hester
|
0-0: Foul Ball, location: 2F 0-1: Ball 1-1: Foul Ball, location: 2F 1-2: Strikes out swinging
|
Bottom of the 4th over - 4 run(s), 2 hit(s), 0 error(s), 0 left on base; Waba 2 - Blueville 9 |
TOP OF THE 5TH |
Waba Ducks batting - Pitching for Blueville 83's : LHP Carlos Thomas
|
Batting: LHB Javier Orozco
|
0-0: Called Strike 0-1: Swinging Strike 0-2: Ball 1-2: DOUBLE (Line Drive, 3D)
|
Batting: RHB Don Keating
|
0-0: SINGLE (Groundball, 13) (infield hit) Javier Orozco to third
|
Batting: LHB Terry White
|
0-0: Ball 1-0: Grounds into double play, U4-3 (Groundball, 4) Javier Orozco scores
|
Batting: RHB Ed Small
|
0-0: Ball 1-0: Ball 2-0: Ball 3-0: Called Strike 3-1: Foul Ball, location: 2F 3-2: Base on Balls
|
Pitching: RHP Jim Daniel
|
|
Batting: RHB Pedro Molina
|
0-0: Swinging Strike 0-1: Ball 1-1: Ball 2-1: Called Strike 2-2: Ball 3-2: Foul Ball, location: 2F 3-2: Strikes out looking
|
Top of the 5th over - 1 run(s), 2 hit(s), 0 error(s), 1 left on base; Waba 3 - Blueville 9 |
BOTTOM OF THE 5TH |
Blueville 83's batting - Pitching for Waba Ducks : LHP Dale Spencer
|
Batting: LHB Ricardo Romero
|
0-0: Called Strike 0-1: Ball 1-1: Foul Ball, location: 2F 1-2: Ball 2-2: Ground out 6-3 (Groundball, 6M)
|
Batting: LHB António Glaviz
|
0-0: Called Strike 0-1: Swinging Strike 0-2: Ball 1-2: Strikes out swinging
|
Batting: LHB Robbie McLaughlin
|
0-0: Called Strike 0-1: Ball 1-1: Called Strike 1-2: Foul Ball, location: 2F 1-2: Ground out 1-3 (Groundball, 23)
|
Bottom of the 5th over - 0 run(s), 0 hit(s), 0 error(s), 0 left on base; Waba 3 - Blueville 9 |
TOP OF THE 6TH |
Waba Ducks batting - Pitching for Blueville 83's : RHP Jim Daniel
|
Batting: LHB Joaquín González
|
0-0: Called Strike 0-1: Ground out 6-3 (Groundball, 6)
|
Batting: SHB Cisco Álvarez
|
0-0: Fly out, F7 (Line Drive, 7M)
|
Batting: RHB Tokuhei Kobayashi
|
0-0: Ball 1-0: Swinging Strike 1-1: Ground out 6-3 (Groundball, 6M)
|
Top of the 6th over - 0 run(s), 0 hit(s), 0 error(s), 0 left on base; Waba 3 - Blueville 9 |
BOTTOM OF THE 6TH |
Blueville 83's batting - Pitching for Waba Ducks : LHP Dale Spencer
|
Batting: RHB Juan Jose Guevana
|
0-0: Called Strike 0-1: Ball 1-1: Foul Ball, location: 2F 1-2: Ball 2-2: Foul Ball, location: 2F 2-2: Ball 3-2: SINGLE (Line Drive, 6MD)
|
Batting: RHB Earl Conrad
|
0-0: Ball 1-0: Ball 2-0: Ball 3-0: Base on Balls Juan Jose Guevana to second
|
Batting: RHB Juan Costello
|
0-0: Ball 1-0: Called Strike 1-1: Swinging Strike 1-2: Ball 2-2: Ball 3-2: Foul Ball, location: 2F 3-2: Ground out 4-3 (Groundball, 4M) Juan Jose Guevana to third Earl Conrad to second
|
Batting: RHB Naomichi Aoki
|
0-0: Ball 1-0: Ball 2-0: Ball 3-0: Called Strike 3-1: Base on Balls
|
Batting: RHB Jorge Rodríguez
|
0-0: Called Strike 0-1: Called Strike 0-2: Ball 1-2: Foul Ball, location: 2F 1-2: Foul Ball, location: 2F 1-2: SINGLE (Groundball, 3S) Juan Jose Guevana scores Earl Conrad to third Naomichi Aoki to second
|
Batting: RHB Bryce Hester
|
0-0: SINGLE (Flyball, 8RS) Earl Conrad scores Naomichi Aoki to third Jorge Rodríguez to second
|
Batting: LHB Ricardo Romero
|
0-0: Ball 1-0: Called Strike 1-1: Swinging Strike 1-2: Foul Ball, location: 2F 1-2: Foul Ball, location: 2F 1-2: Strikes out looking
|
Batting: LHB António Glaviz
|
0-0: Ball 1-0: Ground out 5-3 (Groundball, 56)
|
Bottom of the 6th over - 2 run(s), 3 hit(s), 0 error(s), 3 left on base; Waba 3 - Blueville 11 |
TOP OF THE 7TH |
Waba Ducks batting - Pitching for Blueville 83's : RHP Jim Daniel
|
Batting: RHB Ramón Torres
|
0-0: Ball 1-0: Ball 2-0: Swinging Strike 2-1: Swinging Strike 2-2: Ball 3-2: SINGLE (Groundball, 4)
|
Batting: LHB Javier Orozco
|
0-0: Called Strike 0-1: Swinging Strike 0-2: Strikes out swinging
|
Batting: RHB Don Keating
|
0-0: Fielders Choice at 2nd, 6-4 (Groundball, 6M)
|
Batting: LHB Terry White
|
0-0: Ball 1-0: Foul Ball, location: 2F 1-1: Ball 2-1: Swinging Strike 2-2: Ball 3-2: Strikes out looking
|
Top of the 7th over - 0 run(s), 1 hit(s), 0 error(s), 1 left on base; Waba 3 - Blueville 11 |
BOTTOM OF THE 7TH |
Blueville 83's batting - Pitching for Waba Ducks : LHP Dale Spencer
|
Batting: LHB Robbie McLaughlin
|
0-0: Ball 1-0: Foul Ball, location: 2F 1-1: Swinging Strike 1-2: Fly out, F8 (Flyball, 78XD)
|
Pitching: RHP Bernard Brown
|
|
Batting: RHB Juan Jose Guevana
|
0-0: Ball 1-0: Foul Ball, location: 2F 1-1: Called Strike 1-2: Ball 2-2: Ball 3-2: Base on Balls
|
Batting: RHB Earl Conrad
|
0-0: Called Strike 0-1: Called Strike 0-2: Ground out 4-3 (Groundball, 4M) Juan Jose Guevana to second
|
Batting: RHB Juan Costello
|
0-0: Called Strike 0-1: Ball 1-1: Ball 2-1: Swinging Strike 2-2: Foul Ball, location: 2F 2-2: Ball 3-2: Base on Balls
|
Batting: RHB Naomichi Aoki
|
0-0: DOUBLE (Popup, 34D) Juan Jose Guevana scores Juan Costello to third Runner from 3rd tries for Home, SAFE, no throw or cutoff
|
Batting: RHB Jorge Rodríguez
|
0-0: Foul Ball, location: 2F 0-1: SINGLE (Groundball, 6M) Naomichi Aoki to third Runner from 3rd tries for Home, SAFE, no throw or cutoff
|
Pitching: RHP François Boudreault
|
|
Batting: RHB Bryce Hester
|
0-0: Swinging Strike 0-1: Called Strike 0-2: Ball 1-2: Foul Ball, location: 2F 1-2: Strikes out swinging
|
Bottom of the 7th over - 3 run(s), 2 hit(s), 0 error(s), 1 left on base; Waba 3 - Blueville 14 |
TOP OF THE 8TH |
Waba Ducks batting - Pitching for Blueville 83's : RHP Jim Daniel
|
Pitching: LHP Pierre Dumont
|
|
Batting: RHB Ed Small
|
0-0: Ball 1-0: Ball 2-0: Ball 3-0: Base on Balls
|
Batting: RHB Pedro Molina
|
0-0: Ground out 5-3 (Groundball, 5S) Ed Small to second
|
Batting: LHB Joaquín González
|
0-0: Ball Wild Pitch! Ed Small to third 1-0: Ground out 3-1 (Groundball, 34) Ed Small scores
|
Batting: SHB Cisco Álvarez
|
0-0: Swinging Strike 0-1: Ball 1-1: SINGLE (Line Drive, 6M)
|
Batting: RHB Tokuhei Kobayashi
|
0-0: Swinging Strike 0-1: Called Strike 0-2: Ball 1-2: SINGLE (Flyball, 9LS) Cisco Álvarez to second Runner from 2nd tries for 3rd, SAFE, throw made to third Tokuhei Kobayashi to second
|
Batting: RHB Ramón Torres
|
0-0: Ball 1-0: Called Strike 1-1: SINGLE (Groundball, 56D) Cisco Álvarez scores Tokuhei Kobayashi to third Runner from 3rd tries for Home, SAFE, no throw or cutoff
|
Pitching: RHP José Ruíz
|
|
Batting: LHB Javier Orozco
|
0-0: Swinging Strike 0-1: Ball 1-1: Ball 2-1: Ball 3-1: Fly out, F2 (Popup, 25F)
|
Top of the 8th over - 3 run(s), 3 hit(s), 0 error(s), 1 left on base; Waba 6 - Blueville 14 |
BOTTOM OF THE 8TH |
Blueville 83's batting - Pitching for Waba Ducks : RHP François Boudreault
|
Batting: LHB Ricardo Romero
|
0-0: Ball 1-0: Ball 2-0: Ball 3-0: Called Strike 3-1: Ground out 5-3 (Groundball, 5S)
|
Batting: LHB António Glaviz
|
0-0: Ball 1-0: DOUBLE (Flyball, 9LM)
|
Batting: LHB Robbie McLaughlin
|
0-0: Foul Ball, location: 2F 0-1: Foul Ball, location: 2F 0-2: Ball 1-2: Foul Ball, location: 2F 1-2: Ball 2-2: Ball 3-2: Ground out 6-3 (Groundball, 6M) António Glaviz to third
|
Batting: RHB Juan Jose Guevana
|
0-0: Called Strike 0-1: Fly out, F9 (Flyball, 89D)
|
Bottom of the 8th over - 0 run(s), 1 hit(s), 0 error(s), 1 left on base; Waba 6 - Blueville 14 |
TOP OF THE 9TH |
Waba Ducks batting - Pitching for Blueville 83's : RHP José Ruíz
|
Batting: RHB Don Keating
|
0-0: Called Strike 0-1: Ball 1-1: SINGLE (Groundball, 56)
|
Batting: LHB Terry White
|
0-0: Ball 1-0: Ball 2-0: Ball 3-0: Called Strike 3-1: Foul Ball, location: 2F 3-2: Base on Balls Don Keating to second
|
Batting: RHB Ed Small
|
0-0: Fielders Choice at 2nd, 1-6 (Groundball, 13S) Don Keating to third
|
Batting: RHB Pedro Molina
|
0-0: Foul Ball, location: 2F 0-1: Ball Wild Pitch! Don Keating scores Ed Small to second 1-1: Ball 2-1: Ball 3-1: Base on Balls
|
Batting: LHB Joaquín González
|
0-0: Called Strike 0-1: Fly out, F7 (Flyball, 78M)
|
Batting: SHB Cisco Álvarez
|
0-0: Called Strike 0-1: Swinging Strike 0-2: Ball 1-2: Ground out 5-3 (Groundball, 56S)
|
Top of the 9th over - 1 run(s), 1 hit(s), 0 error(s), 2 left on base; Waba 7 - Blueville 14 |
|